 Dungeon Crawl Stone Soup version 0.25-a0-413-g3b4b6a4ccc (webtiles) character file.

Game seed: 7920009319263816884, levelgen mode: deterministic

2910 kae the Frost Mage (level 9, -4/57 HPs)
             Began as a Demonspawn Ice Elementalist on Jan 16, 2020.
             Was a Priest of Vehumet.
             Slain by a yak (10 damage)
             ... on level 8 of the Dungeon.
             The game lasted 00:07:47 (6600 turns).

kae the Frost Mage (Demonspawn Ice Elementalist)    Turns: 6600, Time: 00:07:47

Health: -4/57      AC:  2    Str:  9    XL:     9   Next: 49%
Magic:  4/19       EV: 11    Int: 20    God:    Vehumet [***...]
Gold:   550        SH:  5    Dex: 16    Spells: 14/22 levels left

rFire    + . .     SeeInvis .   b - +2 scimitar (elec)
rCold    . . .     Gourm    .   y - +2 buckler
rNeg     . . .     Faith    .   k - +0 robe
rPois    .         Spirit   .   (helmet restricted)
rElec    .         Reflect  .   (no cloak)
rCorr    .         Harm     .   (no gloves)
MR       .....                  (no boots)
Stlth    ++........             (no amulet)
HPRegen  2.19/turn              i - +3 ring of dexterity
MPRegen  0.16/turn              w - ring of protection from fire

@: no status effects
A: horns 2, powered by death 2, spiny 1
a: Renounce Religion


You were on level 8 of the Dungeon.
You worshipped Vehumet.
Vehumet was most pleased with you.
You were hungry.

You visited 1 branch of the dungeon, and saw 8 of its levels.
You also visited: Ossuary.

You collected 550 gold pieces.

Inventory:

Hand Weapons
 a - a +0 war axe of flaming
 b - a +2 scimitar of electrocution (weapon)
 g - a +0 dagger
Armour
 k - a +0 robe (worn)
 y - a +2 buckler (worn)
Jewellery
 i - a +3 ring of dexterity (left hand)
 o - an uncursed amulet of faith
 q - an uncursed ring of see invisible
 u - an uncursed amulet of regeneration
 w - a ring of protection from fire (right hand)
 x - an uncursed amulet of harm {unknown}
Wands
 m - a wand of disintegration (14)
 D - a wand of iceblast (8)
Scrolls
 e - 2 scrolls of random uselessness
 l - 4 scrolls of remove curse
 r - 3 scrolls of identify
 s - 3 scrolls of fog
 t - 3 scrolls of teleportation
 z - a scroll of enchant weapon
 B - a scroll of magic mapping
Potions
 d - 3 potions of might
 f - 5 potions of curing
 h - a potion of haste {unknown}
 j - a potion of agility {unknown}
 n - 2 potions of cancellation {unknown}
 p - 2 potions of lignification {unknown}
 v - 3 potions of flight
 A - a potion of heal wounds {unknown}
 C - a potion of magic {unknown}
 E - 2 potions of brilliance {unknown}
 G - 2 potions of berserk rage {unknown}
 H - a potion of ambrosia {unknown}
Comestibles
 c - 9 rations


   Skills:
 - Level 1.7 Dodging
 - Level 1.7 Stealth
 + Level 7.2 Spellcasting
 * Level 10.5 Ice Magic


You had 14 spell levels left.
You knew the following spells:

 Your Spells              Type           Power        Failure   Level  Hunger
a - Freeze                Ice            ####         1%          1    None
b - Ozocubu's Armour      Chrm/Ice       ####....     5%          3    #......
c - Hailstorm             Conj/Ice       ####....     4%          4    ###....

Your spell library contained the following spells:

 Spells                   Type           Power        Failure   Level  Hunger
 Ignite Poison            Fire/Tmut/Pois #.......     13%         3    #......
 Magic Dart               Conj           #...         4%          1    None
 Conjure Flame            Conj/Fire      #.......     13%         3    #......
 Mephitic Cloud           Conj/Pois/Air  #.......     13%         3    #......
 Stone Arrow              Conj/Erth      #.....       13%         3    #......
 Summon Ice Beast         Ice/Summ       ####....     17%         4    ###....
 Blink                    Tloc           N/A          24%         2    None
 Call Imp                 Summ           #.......     24%         2    None
 Corpse Rot               Necr/Air       N/A          24%         2    None
 Slow                     Hex            #.......     24%         2    None
 Summon Forest            Summ/Tloc      #.........   99%         5    #####..
 Eringya's Noxious Bog    Tmut/Pois      #.........   100%        6    ######.
 Hydra Form               Tmut           #.........   100%        6    ######.
 Summon Hydra             Summ           #.........   100%        7    #######


Dungeon Overview and Level Annotations

Branches:
Dungeon (8/15)             Temple (0/1) D:4            Lair (0/6) D:8
Ossuary (visited)

Altars:
Cheibriados
Fedhas
Nemelex Xobeh
Okawaru
Qazlal
Ru
Sif Muna
Vehumet
Yredelemnul
The Shining One

Shops:
D:4 *   D:7 *


Innate Abilities, Weirdness & Mutations

You have a pair of horns on your head.
You regenerate health from kills.
You are partially covered in sharp spines.


Message History

Confirm with . or Enter, or press ? or * to list all spells.
Aiming: Freeze (safe; 1% risk of failure)
Press: ? - help, Shift-Dir - straight line, f/p - yak
Aim: a yak (almost dead)
You freeze the yak.
The yak is almost dead.
The yak gores you!
* * * LOW HITPOINT WARNING * * *
The yak gores you.
* * * LOW HITPOINT WARNING * * *
Casting: Freeze (safe; 1% risk of failure)
Confirm with . or Enter, or press ? or * to list all spells.
Aiming: Freeze (safe; 1% risk of failure)
Press: ? - help, Shift-Dir - straight line, f/p - yak
Aim: a yak (almost dead)
You freeze the yak.
You kill the yak!
Vehumet accepts your kill. The yak gores you!
You die...

...........P.. P
.P...........♣..
................ .....
.............. ......
......Y......## ......
#...YY.♣P...# ....#
#.ta..#.### .. #....
#..##Y##.....##.. ...#
#..#.@..........# #...#
#..#............# .#..# ##
#................ ....#...#
##.............. ..#.#...##
#.#........##
..#.......###.#####....#
).....##......# ###.>#
.)##.......<..######...#####
.## ....#.................#


You could see 4 yaks, a crocodile and a worker ant.

Vanquished Creatures
  A hippogriff (D:7)
  2 yaks (D:8)
  Eustachio (D:6)
  A basilisk (D:8)
  A porcupine (D:8)
  An orc warrior (D:3)
  A sky beast (D:6)
  2 ogres
  A centaur (D:5)
  2 big kobolds
  2 bullfrogs
  2 scorpions
  A water moccasin skeleton (D:6)
  4 howler monkeys
  2 crimson imps
  3 orc priests
  A jelly (D:5)
  6 hounds
  2 iguanas (D:4)
  2 bullfrog skeletons
  5 orc wizards
  2 worker ants
  A hound zombie (D:6)
  8 mummies (Ossuary)
  A howler monkey zombie (D:5)
  4 gnolls (D:7)
  5 adders
  A shadow imp (D:5)
  2 oozes
  An adder skeleton (D:5)
  A worm (D:3)
  A dart slug (D:2)
  2 leopard geckos
  26 orcs
  5 giant cockroaches
  9 hobgoblins
  10 jackals
  14 kobolds
  5 quokkas
  6 bats
  6 frilled lizards
  A gnoll zombie (Ossuary)
  5 goblins
  3 hobgoblin zombies (Ossuary)
  A kobold zombie (Ossuary)
  2 leopard gecko skeletons
  3 orc zombies (Ossuary)
  A quokka skeleton (D:6)
  6 rats
175 creatures vanquished.

Vanquished Creatures (collateral kills)
  A bullfrog zombie (D:7)
  An adder (D:7)
2 creatures vanquished.

Vanquished Creatures (others)
  An orc (D:8)
  A frilled lizard (D:2)
  2 bushes (D:8)
  3 fungi (D:8)
  9 plants (D:8)
16 creatures vanquished.

Grand Total: 193 creatures vanquished

Notes
Turn   | Place    | Note
-------+----------+-------------------------------------------
     0 | D:1      | kae the Demonspawn Ice Elementalist began the quest for the
                  | Orb.
     0 | D:1      | Reached XP level 1. HP: 13/13 MP: 3/3
   417 | D:1      | Reached skill level 4 in Ice Magic
   417 | D:1      | Gained mutation: You regenerate a little health from kills.
                  | [demonic ancestry]
   417 | D:1      | Reached XP level 2. HP: 3/19 MP: 0/5
  1135 | D:2      | Found a sacrificial altar of Ru.
  1136 | D:2      | Found a blossoming altar of Fedhas.
  1221 | D:2      | Found a sparkling altar of Nemelex Xobeh.
  1221 | D:2      | Found a basalt altar of Yredelemnul.
  1352 | D:2      | Gained mutation: You have a pair of small horns on your
                  | head. [demonic ancestry]
  1352 | D:2      | Reached XP level 3. HP: 22/24 MP: 3/6
  1446 | D:2      | Found a radiant altar of Vehumet.
  1527 | D:2      | Became a worshipper of Vehumet
  1980 | D:3      | Found a shimmering blue altar of Sif Muna.
  1987 | D:3      | Gained mutation: You have a pair of horns on your head.
                  | [demonic ancestry]
  1987 | D:3      | Reached XP level 4. HP: 29/30 MP: 2/8
  2208 | D:3      | Noticed an orc warrior
  2223 | D:3      | Killed an orc warrior
  2223 | D:3      | Reached skill level 5 in Ice Magic
  2223 | D:3      | Gained mutation: You regenerate health from kills. [demonic
                  | ancestry]
  2223 | D:3      | Reached XP level 5. HP: 5/35 MP: 2/10
  2732 | D:3      | Found an iron altar of Okawaru.
  2798 | D:3      | Found a faded altar of an unknown god.
  3314 | D:4      | Gained mutation: You are partially covered in sharp spines.
                  | [demonic ancestry]
  3314 | D:4      | Reached XP level 6. HP: 29/41 MP: 8/11
  3426 | D:4      | Reached skill level 6 in Ice Magic
  3435 | D:4      | Reached * piety under Vehumet
  3435 | D:4      | Offered knowledge of Magic Dart by Vehumet.
  3456 | D:4      | Found a staircase to the Ecumenical Temple.
  3570 | D:4      | Found a snail-covered altar of Cheibriados.
  3655 | D:4      | Found Piapuwah's General Store.
  3863 | D:5      | Entered Level 5 of the Dungeon
  3923 | D:5      | Reached XP level 7. HP: 41/46 MP: 13/13
  4171 | D:5      | Reached skill level 7 in Ice Magic
  4412 | D:5      | Found a glowing golden altar of the Shining One.
  4471 | D:5      | Reached skill level 5 in Spellcasting
  4542 | D:5      | Reached XP level 8. HP: 46/52 MP: 13/15
  4580 | D:6      | Learned a level 3 spell: Ozocubu's Armour
  4647 | D:6      | Noticed Eustachio
  4759 | D:6      | Reached ** piety under Vehumet
  4759 | D:6      | Offered knowledge of Sandblast by Vehumet.
  4759 | D:6      | Reached skill level 8 in Ice Magic
  4820 | D:6      | Killed Eustachio
  4904 | D:6      | Found a stormy altar of Qazlal.
  5238 | D:7      | Noticed a hippogriff
  5248 | D:7      | Killed a hippogriff
  5248 | D:7      | Reached skill level 9 in Ice Magic
  5383 | D:7      | Offered knowledge of Inner Flame by Vehumet.
  5452 | D:7      | Found a sand-covered staircase.
  5486 | Ossuary  | Entered an ossuary
  5506 | Ossuary  | Reached *** piety under Vehumet
  5873 | D:7      | Found Loaxuuff's General Store.
  5970 | D:7      | Found a sparkling altar of Nemelex Xobeh.
  6133 | D:8      | Reached XP level 9. HP: 57/57 MP: 18/18
  6139 | D:8      | Learned a level 4 spell: Hailstorm
  6251 | D:8      | Offered knowledge of Ignite Poison by Vehumet.
  6266 | D:8      | Reached skill level 10 in Ice Magic
  6580 | D:8      | Found a staircase to the Lair.
  6600 | D:8      | Slain by a yak

Levels and vault maps discovered:
D:1:      zelgadis_glass_arrival_small, layout_loops_corners
D:2:      layout_basic, fiery_altar_vehumet, grunt_temple_overflow_open,
          gammafunk_temple_overflow_statue
D:3:      minmay_general_purpose_star, layout_basic, lemuel_crystal_altar,
          lemuel_coloured_pillars_altar, chequers_ecumenical_altar_twisty
D:4:      layout_basic, lemuel_crystal_altar,
          minmay_temple_entry_gardened_gates, serial_shops,
          nicolae_shop_statue_plus, first_ration
D:5:      layout_basic, lemuel_round_altar
D:6:      layout_cave_pools, chequers_serial_rivers_small_b,
          nicolae_qazlal_general_emergency, uniq_eustachio
D:7:      layout_cave_pools, serial_shops, nicolae_shop_crystal,
          enter_ossuary_3, nemelex_spade_bored_becter
D:8:      layout_rooms, minmay_lair_entry_grove, uniq_harold

Skill      XL: |  1  2  3  4  5  6  7  8  9 |
---------------+----------------------------+-----
Ice Magic      | 4 5 6 7 9 10 | 10.5
Spellcasting   | 3 4 5 6 7 |  7.2
Dodging        | |  1.7
Stealth        | |  1.7

Action                   |  1- 3 |  4- 6 |  7- 9 || total
-------------------------+-------+-------+-------++-------
Melee: Unarmed           |     3 |       |       ||     3
       Dagger            |    18 |       |       ||    18
       War axe           |    22 |    51 |       ||    73
       Headbutt          |     1 |     7 |    26 ||    34
       Scimitar          |       |       |   130 ||   130
 Cast: Freeze            |    44 |    52 |    59 ||   155
       Ozocubu's Armour  |       |       |     5 ||     5
       Hailstorm         |       |       |     3 ||     3
  Use: Scroll            |       |     9 |     8 ||    17
       Potion            |       |       |     1 ||     1
 Stab: Sleeping          |     4 |     2 |     5 ||    11
  Eat: Chunk             |     3 |     3 |     9 ||    15
       Ration            |       |     1 |       ||     1
Armor: Robe              |    10 |    14 |    19 ||    43
Dodge: Dodged            |    43 |    77 |    95 ||   215
Block: Buckler           |       |       |    36 ||    36
       Rpst.: Scimitar   |       |       |    28 ||    28

Table legend:
 A = Non-vault XP
 B = Vault XP
 C = Vault XP percentage of total XP
 D = Non-vault monster count
 E = Vault monster count
 F = Vault count percentage of total count
                 A         B        C        D         E       F
            +---------+---------+-------+---------+---------+-------
      Total |    2966 |    1192 |  28.7 |     154 |      23 |  13.0
            +---------+---------+-------+---------+---------+-------
        D:1 |      23 |       0 |   0.0 |      12 |       0 |   0.0
        D:2 |      69 |       0 |   0.0 |      23 |       0 |   0.0
        D:3 |     185 |       5 |   2.6 |      20 |       1 |   4.8
        D:4 |     381 |       0 |   0.0 |      17 |       0 |   0.0
        D:5 |     764 |       0 |   0.0 |      26 |       0 |   0.0
        D:6 |     511 |     203 |  28.4 |      23 |       1 |   4.2
        D:7 |     483 |       0 |   0.0 |      14 |       0 |   0.0
        D:8 |     550 |     834 |  60.3 |      19 |       5 |  20.8
    Ossuary |       0 |     150 | 100.0 |       0 |      16 | 100.0
            +---------+---------+-------+---------+---------+-------
